Map: Deathaura LE

Players

Cyanine - Winner!

  • Race: Terran Terran
  • Spawn Location: 11:00

A.I. 1 (Very Easy)

  • Race: Protoss Protoss
  • Spawn Location: 5:00

VOD

Have the link to the VOD?

Description

Time

  • Played on: Sept. 14, 2020, 6:28 a.m.
  • Length: 12:41
Show
View Real Time Build Order
Export as new Build Order

Cyanine Terran - Winner!

Build Orders: Reaper Expand 

Get SALT Encoding   

  12  0:00  SCV  
  13  0:12  SCV  
  14  0:17  Supply Depot  
  14  0:25  SCV  
  15  0:39  SCV  
  15  0:41  Barracks  
  16  0:43  Refinery  
  16  0:51  SCV  
  17  1:03  SCV  
  18  1:15  SCV  
  19  1:29  Orbital Command, Reaper  
  20  1:39  Command Center  
  20  1:47  Supply Depot  
  20  1:54  SCV  
  20  2:00  Marine  
  22  2:07  SCV  
  22  2:08  Factory  
  23  2:16  Bunker  
  23  2:19  SCV  
  23  2:20  Barracks Reactor  
  24  2:24  Refinery  
  24  2:31  SCV  
  25  2:43  SCV  
  26  2:51  Orbital Command  
  26  2:52  Hellion  
  26  2:55  SCV  
  26  2:57  Starport  
  26  2:58  Marine x2  
  31  3:07  SCV  
  32  3:14  Factory Tech Lab  
  32  3:17  SCV  
  32  3:19  Supply Depot, Marine x2, SCV  
  36  3:29  SCV  
  36  3:31  SCV  
  38  3:35  Barracks  
  38  3:37  Marine x2  
  38  3:39  Factory Tech Lab  
  40  3:44  Raven  
  40  3:46  SCV x2  
  44  3:48  Supply Depot  
  44  3:55  Marine x2  
  46  3:58  SCV  
  46  3:59  SCV  
  48  4:05  Siege Tank, Refinery  
  51  4:12  SCV x2  
  51  4:14  Supply Depot, Marine x2  
  55  4:22  Barracks  
  55  4:24  SCV x2  
  57  4:31  Marine  
  57  4:32  Marine x2  
  57  4:34  Stimpack  
  57  4:36  SCV x2, Engineering Bay  
  62  4:41  Supply Depot  
  62  4:43  Siege Tank  
  65  4:49  Marine  
  65  4:50  Marine x2, Starport Reactor  
  65  4:51  SCV  
  69  4:53  SCV  
  70  5:02  Terran Infantry Weapons Level 1  
  70  5:03  SCV  
  70  5:05  SCV  
  72  5:07  Marine  
  72  5:08  Marine x2  
  72  5:09  Supply Depot  
  72  5:11  Supply Depot  
  75  5:15  SCV  
  75  5:17  SCV, Refinery  
  77  5:27  Factory Reactor  
  78  5:30  Combat Shield  
  78  5:32  Marine x2  
  78  5:33  Marauder x2  
  83  5:37  Supply Depot  
  83  5:38  Supply Depot  
  85  5:46  Medivac  
  85  5:51  Marine  
  86  5:58  Marine, Medivac  
  86  5:59  Marauder x2  
  86  6:00  Supply Depot  
  93  6:05  Supply Depot, Widow Mine x2  
  93  6:09  Marine  
  98  6:16  Marine  
  98  6:17  Medivac  
  101  6:22  Marauder x2  
  101  6:23  Supply Depot  
  105  6:27  Marine  
  105  6:28  Medivac  
  108  6:33  SCV x2  
  108  6:36  Command Center  
  110  6:40  Marine  
  110  6:41  Barracks  
  110  6:42  Barracks  
  110  6:43  Marauder x2, Widow Mine  
  110  6:44  Marine  
  110  6:45  Supply Depot, Widow Mine  
  120  6:48  Supply Depot  
  120  6:50  SCV  
  120  6:51  SCV  
  122  6:56  Medivac  
  122  6:58  Medivac  
  126  7:06  Marine x2  
  126  7:07  Marauder x2  
  132  7:10  Widow Mine x2  
  136  7:18  SCV x2  
  138  7:23  Terran Infantry Armor Level 1  
  138  7:24  Marine  
  139  7:33  Barracks Tech Lab, Marine  
  139  7:34  Marine, Marauder x2  
  145  7:39  SCV x2  
  145  7:43  Marine  
  147  7:48  Orbital Command  
  147  7:51  Marine  
  147  7:53  Barracks Reactor, Concussive Shells  
  147  7:54  Marauder  
  147  7:55  Marauder x2  
  154  8:00  SCV x2, Ghost Academy  
  160  8:05  Widow Mine x2  
  160  8:07  Medivac x2  
  164  8:15  Marine  
  165  8:20  Supply Depot  
  165  8:22  Supply Depot  
  165  8:28  Engineering Bay  
  165  8:29  Armory  
  165  8:32  Refinery  
  165  8:33  Refinery  
  165  8:36  Enhanced Shockwaves  
  165  8:41  Marine, Ghost  
  165  8:42  SCV x3  
  165  8:43  Supply Depot, Ghost  
  165  8:45  Marine x2  
  165  8:46  Marine  
  165  8:47  Supply Depot  
  176  8:53  Ghost  
  176  8:54  SCV  
  179  8:58  SCV x2  
  179  8:59  Marine  
  182  9:03  Marine  
  182  9:04  Command Center  
  182  9:06  SCV, Marine  
  182  9:07  Marine  
  186  9:10  SCV x2  
  188  9:17  Terran Infantry Armor Level 2, Terran Infantry Weapons Level 2  
  188  9:23  Marine x2  
  191  9:25  Ghost  
  192  9:34  Bunker  
  192  9:37  Marauder  
  192  9:38  Supply Depot  
  196  9:41  Terran Ship Weapons Level 1  
  196  9:53  SCV x3  
  199  10:01  Marine  
  199  10:05  SCV x2  
  200  10:08  Barracks x2  
  200  10:09  Barracks  
  200  10:19  Starport, Factory  
  200  10:35  Factory Tech Lab  
  200  10:57  Planetary Fortress  
  200  11:02  Barracks Tech Lab x2, Barracks Reactor  
  200  11:04  Factory Tech Lab  
  200  11:07  Personal Cloaking  
  200  11:29  Fusion Core  
  200  11:32  Refinery  
  200  11:33  Refinery  
  200  11:54  Command Center  
  200  12:39  Command Center  
Show
View Real Time Build Order
Export as new Build Order

A.I. 1 (Very Easy) Protoss 

Build Orders: 1 Gate Expand, Nexus First 

Get SALT Encoding   

  12  0:00  Probe  
  13  0:13  Probe  
  14  0:20  Pylon  
  14  0:42  Gateway  
  14  1:00  Nexus  
  14  1:20  Pylon  
  14  1:21  Zealot  
  14  1:22  Assimilator  
  16  1:36  Cybernetics Core  
  16  1:38  Probe  
  17  1:50  Probe  
  18  2:00  Probe  
  18  2:01  Assimilator  
  18  2:06  Stalker  
  18  2:08  Probe  
  22  2:16  Warp Gate  
  22  2:17  Probe  
  23  2:23  Probe  
  24  2:31  Probe  
  25  2:38  Probe  
  26  2:52  Probe  
  26  2:53  Assimilator  
  26  2:55  Pylon  
  27  2:59  Probe  
  28  3:06  Probe  
  29  3:13  Probe  
  29  3:14  Robotics Facility  
  29  3:18  Probe  
  30  3:21  Zealot  
  33  3:27  Probe  
  33  3:31  Probe  
  34  3:42  Probe  
  35  3:49  Probe  
  36  3:56  Probe  
  36  4:02  Observer  
  38  4:03  Probe  
  38  4:08  Probe  
  39  4:16  Observer  
  40  4:17  Assimilator  
  40  4:18  Probe  
  40  4:21  Probe  
  42  4:28  Sentry  
  45  4:32  Probe  
  46  4:39  Probe  
  46  4:42  Pylon  
  47  4:47  Probe  
  48  4:54  Probe  
  49  5:01  Probe  
  50  10:09  Warp Prism  
  50  10:19  Gateway  
  50  10:21  Robotics Bay  
  52  10:23  Stargate  
  52  10:25  Pylon  
  52  10:38  Observer  
  53  10:51  Zealot  
  53  10:53  Warp Prism  
  46  10:58  Gravitic Boosters  
  48  11:09  Gateway  
  47  11:21  Zealot  
  47  11:22  Observer  
  50  11:36  Observer  
  50  11:37  Nexus  
  51  11:51  Stalker  
  53  12:00  Observer  
  53  12:09  Pylon  
  43  12:19  Probe  
  10  12:30  Gateway  
Tags
 
Add a new tag
Caveats
  • Supply blocks, unpowered buildings, or Contaminate may cause inaccurate times.
  • Supply counts are checked every 10 seconds.